 Dungeon Crawl Stone Soup version 0.28-a0-2-g643f2454ad (webtiles) character file.

Game seed: 8708917971777394562

11 Feb132020 the Digger (level 2, -1/15 HPs)
             Began as a Deep Elf Earth Elementalist on July 22, 2021.
             Slain by a hobgoblin (4 damage)
             ... on level 1 of the Dungeon.
             The game lasted 00:01:48 (190 turns).

Feb132020 the Digger (Deep Elf Earth Elementalist)   Turns: 190, Time: 00:01:49

Health: -1/15      AC:  2    Str:  5    XL:     2   Next: 13%
Magic:  6/8        EV: 12    Int: 19    God:
Gold:   23         SH:  0    Dex: 15    Spells: 5/8 levels left

rFire   . . .      SeeInvis .   e - +0 dagger
rCold   . . .      Faith    .   (no shield)
rNeg    . . .      Spirit   .   b - +0 robe
rPois   .          Reflect  .   (no helmet)
rElec   .          Harm     .   (no cloak)
rCorr   .          Rampage  .   (no gloves)
Will    .....                   (no boots)
Stlth   ++........              (no amulet)
HPRegen 0.05/turn               (no ring)
MPRegen 0.11/turn               (no ring)

@: no status effects
A: no striking features
a: no special abilities


You were on level 1 of the Dungeon.
You visited 1 branch of the dungeon, and saw 1 of its levels.

You collected 23 gold pieces.

Inventory:

Hand Weapons
 e - a +0 dagger (weapon)
Missiles
 c - 21 stones
Armour
 b - a +0 robe (worn)
Scrolls
 d - 2 scrolls of amnesia {unknown}
Potions
 a - a potion of curing {unknown}
 f - a potion of cancellation {unknown}


   Skills:
 + Level 2.4 Dodging
 + Level 2.8 Stealth
 + Level 3.5 Spellcasting
 + Level 1.1 Transmutations
 + Level 3.5 Earth Magic


You had 5 spell levels left.
You knew the following spells:

 Your Spells              Type           Power      Damage    Failure   Level
a - Sandblast             Erth           32%        2d9       3%          1
p - Passwall              Tmut/Erth      10%        N/A       9%          2

Your spell library contained the following spells:

 Spells                   Type           Power      Damage    Failure   Level
 Stone Arrow              Conj/Erth      18%        3d8       22%         3
 Petrify                  Tmut/Erth      12%        N/A       50%         4


Dungeon Overview and Level Annotations

Branches:
Dungeon (1/15)

Altars:


Message History

Aiming: Sandblast (safe; 3% risk of failure)
Press: ? - help, Shift-Dir - straight line, f - kobold
Aim: a kobold, wielding a +0 club and quivering stones (wandering, hasn't noticed you, 74% to hit)
The blast of sand hits the kobold!
You kill the kobold!
e - a +0 dagger You see here a goblin corpse.
A hobgoblin comes into view. It is wielding a +0 short sword.
c - 23 stones (gained 2)
You see here a +0 club.
e - a +0 dagger (weapon)
You see here a goblin corpse.
f - a golden potion The hobgoblin hits you with a +0 short sword.
You hit the hobgoblin but do no damage. The hobgoblin barely misses you.
You barely miss the hobgoblin.
The hobgoblin hits you with a +0 short sword!
Ouch! That really hurt!
* * * LOW HITPOINT WARNING * * *
Unknown command.
Unknown command.
Unknown command.
Casting: Sandblast (safe; 3% risk of failure)
Confirm with . or Enter, or press ? or * to list all spells.
Aiming: Sandblast (safe; 3% risk of failure)
Press: ? - help, Shift-Dir - straight line, f - hobgoblin
Aim: a hobgoblin, wielding a +0 short sword and wearing a +0 chain mail (85% to hit)
The blast of sand hits the hobgoblin but does no damage.
The hobgoblin barely misses you.
Unknown command.
Unknown command.
Unknown command.
Casting: Sandblast (safe; 3% risk of failure)
Confirm with . or Enter, or press ? or * to list all spells.
Aiming: Sandblast (safe; 3% risk of failure)
Press: ? - help, Shift-Dir - straight line, f/p - hobgoblin
Aim: a hobgoblin, wielding a +0 short sword and wearing a +0 chain mail (85% to hit)
The blast of sand hits the hobgoblin but does no damage.
The hobgoblin hits you with a +0 short sword.
You die...

#.# #.##
################.#.
..... .............
...##.........[... #
......####.......# ..
#####.##............##
##.#$#.#..#.# ###......#
......#g@##.#####.....##
#...#.#)#.........###
#.#...##†....)........
##..#.....####.....###
#..#.#.#.....#.....##
##.#####.###........#.
.. ...##........... ###
....###.##.....##† ...##
#.###...## .


You could see a hobgoblin.

Vanquished Creatures
  A dart slug (D:1)
  An endoplasm (D:1)
  3 goblins (D:1)
  A kobold (D:1)
  A quokka (D:1)
7 creatures vanquished.

Notes
Turn   | Place    | Note
-------+----------+-------------------------------------------
     0 | D:1      | Feb132020 the Deep Elf Earth Elementalist began the quest
                  | for the Orb.
     0 | D:1      | Reached XP level 1. HP: 10/10 MP: 6/6
   102 | D:1      | Reached XP level 2. HP: 15/15 MP: 6/8
   105 | D:1      | Learned a level 2 spell: Passwall
   190 | D:1      | Slain by a hobgoblin

Illustrated notes

Levels and vault maps discovered:
D:1:      eino_arrival_water_star, layout_rooms, minmay_octomino_e4

Action                   || total
-------------------------++-------
Melee: Dagger            ||     2
 Cast: Sandblast         ||    11
Dodge: Dodged            ||     2

Table legend: (Time is in decaauts)
 A = Elapsed time spent in this place.
 B = Non-inter-level travel time spent in this place.
 C = Inter-level travel time spent in this place.
 D = Time resting spent in this place.
 E = Time spent auto-exploring this place.
 F = Levels seen in this place.
 G = Mean time per level.
                   A        B        C        D        E       F      G
               +--------+--------+--------+--------+--------+-----+--------+
         Total |    190 |    186 |      4 |     15 |    115 |   1 |  190.0 |
       Dungeon |    190 |    186 |      4 |     15 |    115 |   1 |  190.0 |
               +--------+--------+--------+--------+--------+-----+--------+

Top non-repeatable levels by time:
     D:1: 190 daAuts
